 Seeded DCSS version 0.27-a0-1200-g94dc6ad4cf (webtiles) character file.

Game seed: 8282251078768531817 (custom seed)

1124 flotson the Covert (level 8, -3/67 HPs)
             Began as a Gnoll Delver on May 30, 2021.
             Slain by Prince Ribbit (16 damage)
             ... on level 5 of the Dungeon.
             The game lasted 00:06:31 (4233 turns).

flotson the Covert (Gnoll Delver)                   Turns: 4233, Time: 00:06:32

Health: -3/67      AC:  8    Str: 19    XL:     8   Next: 35%
Magic:  12/12      EV: 13    Int: 10    God:
Gold:   266        SH:  0    Dex: 14    Spells: 13/13 levels left

rFire    . . .     SeeInvis +   a - +2 hand axe (distort)
rCold    . . .     Faith    .   (no shield)
rNeg     . . .     Spirit   .   m - +0 ring mail
rPois    .         Reflect  .   n - +0 helmet
rElec    .         Harm     .   (no cloak)
rCorr    .         Rampage  .   F - +0 pair of gloves
Will     .....                  (no boots)
Stlth    ++++......             (no amulet)
HPRegen  0.21/turn              s - ring of see invisible
MPRegen  0.13/turn              E - +6 ring of strength

@: no status effects
A: fangs 1, strong nose, distributed training
a: no special abilities


You were on level 5 of the Dungeon.
You visited 1 branch of the dungeon, and saw 5 of its levels.

You collected 266 gold pieces.

Inventory:

Hand Weapons
 a - a +2 hand axe of distortion (weapon)
 b - a +0 hunting sling
 w - a +1 short sword of electrocution
Missiles
 i - 51 sling bullets
 p - 3 boomerangs
 q - 19 poisoned darts (quivered)
 r - 2 javelins
Armour
 h - a +0 leather armour
 m - a +0 ring mail (worn)
 n - a +0 helmet (worn)
 F - a +0 pair of gloves (worn)
Jewellery
 j - a ring of ice
 s - a ring of see invisible (left hand)
 E - a +6 ring of strength (right hand)
Wands
 g - a wand of digging (8)
 K - a wand of flame (7)
Scrolls
 c - a scroll of fog
 d - 2 scrolls of magic mapping
 e - 2 scrolls of fear
 l - 6 scrolls of identify {unknown}
 y - a scroll of holy word {unknown}
 A - 2 scrolls of teleportation {unknown}
 C - a scroll of vulnerability {unknown}
 G - 2 scrolls of noise {unknown}
 H - 2 scrolls of acquirement {unknown}
 J - 2 scrolls of summoning {unknown}
Potions
 f - 2 potions of haste
 k - a potion of resistance {unknown}
 o - a potion of mutation {unknown}
 t - a potion of ambrosia {unknown}
 u - 5 potions of curing {unknown}
 v - a potion of magic {unknown}
 x - 2 potions of attraction {unknown}
 z - a potion of lignification {unknown}
 B - a potion of invisibility {unknown}
 D - a potion of degeneration {unknown}
 I - a potion of might {unknown}


   Skills:
 + Level 7.3 Fighting
 + Level 3.2 Short Blades
 + Level 3.2 Long Blades
 + Level 3.2 Axes
 + Level 3.2 Maces & Flails
 + Level 5.6 Polearms
 + Level 3.2 Staves
 + Level 3.2 Slings
 + Level 3.2 Bows
 + Level 3.2 Crossbows
 + Level 3.2 Throwing
 + Level 3.2 Armour
 + Level 5.6 Dodging
 + Level 10.0 Stealth
 + Level 3.2 Shields
 + Level 3.2 Unarmed Combat
 + Level 3.2 Spellcasting
 + Level 2.6 Conjurations
 + Level 2.6 Hexes
 + Level 2.6 Summonings
 + Level 2.6 Necromancy
 + Level 2.6 Translocations
 + Level 2.6 Transmutations
 + Level 2.6 Fire Magic
 + Level 2.6 Ice Magic
 + Level 2.6 Air Magic
 + Level 2.6 Earth Magic
 + Level 2.6 Poison Magic
 + Level 3.5 Invocations
 + Level 3.2 Evocations


You had 13 spell levels left.
You didn't know any spells.
Your spell library contained the following spells:

 Spells                   Type           Power      Damage    Failure   Level
 Freeze                   Ice            24%        1d5       16%         1
 Frozen Ramparts          Ice            12%        1d3       43%         3
 Ozocubu's Armour         Ice            6%         N/A       43%         3
 Hailstorm                Conj/Ice       6%         3d4       85%         4
 Metabolic Englaciation   Hex/Ice        3%         N/A       99%         5


Dungeon Overview and Level Annotations

Branches:
Dungeon (5/15)
 Temple: D:4-7

Altars:
Hepliaklqana
Yredelemnul

Shops:
D:3 [

Annotations:
D:5 Prince Ribbit
Abyss:1 Menkaure


Innate Abilities, Weirdness & Mutations

You have very sharp teeth.
Your uncanny sense of smell can sniff out nearby items.
Your experience applies equally to all skills.


Message History

You barely miss Prince Ribbit.
Prince Ribbit is severely wounded.
Prince Ribbit hits you!
You closely miss Prince Ribbit.
Prince Ribbit is severely wounded.
Prince Ribbit blinks!
Throw: 22 darts (poison)
Press: ? - help, Q - select action, (/) - cycle Shift-Dir - straight line, f - Prince Ribbit
Aim: Prince Ribbit (heavily wounded, 43% to hit)
You throw a poisoned dart. The poisoned dart hits Prince Ribbit.
Prince Ribbit is poisoned.
Prince Ribbit is heavily wounded.
Throw: 21 darts (poison)
Press: ? - help, Q - select action, (/) - cycle Shift-Dir - straight line, f/p - Prince Ribbit
Aim: Prince Ribbit (severely wounded, poisoned, 43% to hit)
You throw a poisoned dart.
The poisoned dart barely misses Prince Ribbit.
Prince Ribbit says, "You're just another fly to me."
Prince Ribbit blinks!
Throw: 20 darts (poison)
Press: ? - help, Q - select action, (/) - cycle Shift-Dir - straight line, f/p - Prince Ribbit
Aim: Prince Ribbit (severely wounded, poisoned, 43% to hit)
You throw a poisoned dart.
The poisoned dart closely misses Prince Ribbit.
You barely miss Prince Ribbit. Your bite misses Prince Ribbit.
Prince Ribbit is severely wounded.
Prince Ribbit catches a millipede with his tongue.
Prince Ribbit misses you.
Prince Ribbit lets out a mournful croak.
Prince Ribbit completely misses you.
You closely miss Prince Ribbit.
Prince Ribbit is severely wounded.
Prince Ribbit hits you.
* * * LOW HITPOINT WARNING * * *
You miss Prince Ribbit. Your bite misses Prince Ribbit.
Prince Ribbit is severely wounded.
Prince Ribbit hits you!
* * * LOW HITPOINT WARNING * * *
Prince Ribbit hits you!
You die...

#..........#..........#......
#...(..######..##...###...##.
#......##..##..##...###...##.
##......'......(#...Y.....##.
#.......#......(#......<..###
#......##$.....########...#
#########......##...###...#
#####......(.#..<......#
#......).@...#.........##
#.###...F....#.......[.Y# #.
##.......#..........# .(
#.(.....######.#....# ##.
###.....# #+#..### ## ......#
+...# #......# #...# ##...###
..## #####


You could see Prince Ribbit (poisoned).

Vanquished Creatures
  Grinder (D:3)
  A water moccasin (D:5)
  A black bear (D:3)
  A phantom (D:5)
  A scorpion (D:4)
  2 hounds (D:5)
  3 orc priests
  A bullfrog skeleton (D:4)
  Jessica (D:3)
  2 iguanas (D:4)
  An orc wizard (D:3)
  A hound skeleton (D:4)
  2 gnolls (D:4)
  3 adders (D:2)
  An ufetubus (D:5)
  An adder zombie (D:5)
  3 worms
  11 orcs
  3 endoplasms
  6 giant cockroaches
  7 goblins
  5 hobgoblins
  6 jackals
  3 quokkas
  11 ball pythons
  4 bats
  4 frilled lizards
  5 kobolds
  5 rats
96 creatures vanquished.

Vanquished Creatures (others)
  27 plants (D:3)
27 creatures vanquished.

Grand Total: 123 creatures vanquished

Notes
Turn   | Place    | Note
-------+----------+-------------------------------------------
     0 | D:5      | Reached skill level 9 in Stealth
     0 | D:5      | flotson the Gnoll Delver began the quest for the Orb.
     0 | D:5      | Reached XP level 1. HP: 23/23 MP: 1/1
    17 | D:5      | Noticed a sky beast
    96 | D:4      | Reached XP level 2. HP: 17/29 MP: 2/2
    96 | D:4      | Reached XP level 3. HP: 20/35 MP: 3/3
   350 | D:4      | Reached skill level 1 in Short Blades
   350 | D:4      | Reached skill level 1 in Long Blades
   350 | D:4      | Reached skill level 1 in Axes
   350 | D:4      | Reached skill level 1 in Maces & Flails
   350 | D:4      | Reached skill level 1 in Staves
   350 | D:4      | Reached skill level 1 in Slings
   350 | D:4      | Reached skill level 1 in Bows
   350 | D:4      | Reached skill level 1 in Crossbows
   350 | D:4      | Reached skill level 1 in Throwing
   350 | D:4      | Reached skill level 1 in Armour
   350 | D:4      | Reached skill level 1 in Shields
   350 | D:4      | Reached skill level 1 in Unarmed Combat
   350 | D:4      | Reached skill level 1 in Spellcasting
   350 | D:4      | Reached skill level 1 in Invocations
   350 | D:4      | Reached skill level 1 in Evocations
   350 | D:4      | Reached XP level 4. HP: 10/41 MP: 5/5
   351 | D:4      | Reached skill level 1 in Conjurations
   351 | D:4      | Reached skill level 1 in Hexes
   351 | D:4      | Reached skill level 1 in Summonings
   351 | D:4      | Reached skill level 1 in Necromancy
   351 | D:4      | Reached skill level 1 in Translocations
   351 | D:4      | Reached skill level 1 in Transmutations
   351 | D:4      | Reached skill level 1 in Fire Magic
   351 | D:4      | Reached skill level 1 in Ice Magic
   351 | D:4      | Reached skill level 1 in Air Magic
   351 | D:4      | Reached skill level 1 in Earth Magic
   351 | D:4      | Reached skill level 1 in Poison Magic
   691 | D:3      | Reached XP level 5. HP: 47/47 MP: 6/6
   733 | D:1      | Found a faded altar of an unknown god.
  1970 | D:2      | Found a basalt altar of Yredelemnul.
  2031 | D:2      | Noticed a necrophage
  2038 | D:2      | Banished a necrophage
  2039 | D:2      | Reached XP level 6. HP: 53/53 MP: 8/8
  2284 | D:3      | Noticed Grinder
  2293 | D:3      | Killed Grinder
  2294 | D:3      | Reached skill level 5 in Polearms
  2294 | D:3      | Reached skill level 5 in Dodging
  2294 | D:3      | Reached XP level 7. HP: 33/59 MP: 8/10
  3058 | D:3      | Found Katedwy's Armour Shoppe.
  3170 | D:3      | Noticed Jessica
  3182 | D:3      | Killed Jessica
  3355 | D:3      | Found a hazy altar of Hepliaklqana.
  3632 | D:4      | Reached skill level 10 in Stealth
  3780 | D:5      | Noticed Menkaure
  3791 | D:5      | Reached XP level 8. HP: 19/67 MP: 12/12
  3792 | D:5      | Banished Menkaure
  4203 | D:5      | Noticed Prince Ribbit
  4233 | D:5      | Slain by Prince Ribbit

Illustrated notes

Levels and vault maps discovered:
D:1:      dpeg_arrival_signposts, layout_loops_ring,
          chequers_ecumenical_altar_simple, chequers_serial_rivers_large_b
D:2:      minmay_wonky_spiral, layout_basic, basic_altar
D:3:      layout_loops_cross, nzn_hepliaklqana_mist_gate, serial_bayou,
          serial_bayou_ford_a, serial_bayou_shore_b, serial_bayou_pond_b,
          serial_bayou_pond_c, serial_shops, shop, uniq_grinder, uniq_jessica
D:4:      layout_rooms, serial_curves, eino_curves_01, eino_curves_01,
          st_stairs_7, sigmund_army
D:5:      layout_gridville, kennysheep_mini, minmay_temple_entry_fiery,
          nrook_loot_triangle, minmay_misc_feat_columns, uniq_menkaure,
          uniq_prince_ribbit1

Skill      XL: |  1  2  3  4  5  6  7  8 |
---------------+-------------------------+-----
Stealth        | 10 | 10.0
Short Blades   | 1 2 3 |  3.2
Long Blades    | 1 2 3 |  3.2
Axes           | 1 2 3 |  3.2
Maces & Flails | 1 2 3 |  3.2
Staves         | 1 2 3 |  3.2
Slings         | 1 2 3 |  3.2
Bows           | 1 2 3 |  3.2
Crossbows      | 1 2 3 |  3.2
Throwing       | 1 2 3 |  3.2
Armour         | 1 2 3 |  3.2
Shields        | 1 2 3 |  3.2
Unarmed Combat | 1 2 3 |  3.2
Spellcasting   | 1 2 3 |  3.2
Invocations    | 1 2 3 |  3.5
Evocations     | 1 2 3 |  3.2
Conjurations   | 1 2 |  2.6
Hexes          | 1 2 |  2.6
Summonings     | 1 2 |  2.6
Necromancy     | 1 2 |  2.6
Translocations | 1 2 |  2.6
Transmutations | 1 2 |  2.6
Fire Magic     | 1 2 |  2.6
Ice Magic      | 1 2 |  2.6
Air Magic      | 1 2 |  2.6
Earth Magic    | 1 2 |  2.6
Poison Magic   | 1 2 |  2.6
Polearms       | 5 |  5.6
Dodging        | 5 |  5.6
Fighting       | 7 |  7.3

Action                   |  1- 3 |  4- 6 |  7- 9 || total
-------------------------+-------+-------+-------++-------
Melee: Spear             |    10 |       |       ||    10
       Bite              |     2 |     2 |     7 ||    11
       Hand axe          |     9 |    72 |   136 ||   217
       Punch             |       |     1 |     2 ||     3
Throw: Dart              |       |       |     7 ||     7
 Stab: Sleeping          |     3 |    15 |     7 ||    25
       Distracted        |       |       |     1 ||     1
Armor: Leather armour    |     2 |       |       ||     2
       Scale mail        |     5 |     6 |       ||    11
       Ring mail         |       |    19 |    37 ||    56
Dodge: Dodged            |     9 |    32 |    82 ||   123

Table legend: (Time is in decaauts)
 A = Elapsed time spent in this place.
 B = Non-inter-level travel time spent in this place.
 C = Inter-level travel time spent in this place.
 D = Time resting spent in this place.
 E = Time spent auto-exploring this place.
 F = Levels seen in this place.
 G = Mean time per level.
                   A        B        C        D        E       F      G
               +--------+--------+--------+--------+--------+-----+--------+
         Total |   4312 |   4223 |     89 |    222 |   3147 |   5 |  862.4 |
       Dungeon |   4312 |   4223 |     89 |    222 |   3147 |   5 |  862.4 |
               +--------+--------+--------+--------+--------+-----+--------+

Top non-repeatable levels by time:
     D:4: 1238 daAuts
     D:3: 1149 daAuts
     D:1: 812 daAuts
     D:2: 796 daAuts
     D:5: 315 daAuts
